NCAA
IOWA STATE CYCLONES @ RUTGERS SCARLET KNIGHTS
05/02/2027
 
TOP OF THE 1ST
Iowa State Cyclones batting - Pitching for Rutgers Scarlet Knights : LHP Gary Fox
Pitching: LHP Gary Fox
Batting: RHB Shane Marshall 0-0: Called Strike
0-1: Ball
1-1: Called Strike
1-2: Ground out 6-3 (Groundball, 6)
Batting: RHB Robert Snyder 0-0: Called Strike
0-1: Hit by Pitch
Batting: LHB Mike O'Bryan 0-0: Ball
1-0: Fly out, F2 (Popup, 3S)
Batting: RHB Pedro Rivera 0-0: Ball
1-0: Ball
2-0: Ball
3-0: Called Strike
3-1: Foul Ball, location: 2F
3-2: Fly out, F9 (Flyball, 9LSF)
Top of the 1st over - 0 run(s), 0 hit(s), 0 error(s), 1 left on base; Iowa State 0 - Rutgers 0
BOTTOM OF THE 1ST
Rutgers Scarlet Knights batting - Pitching for Iowa State Cyclones : RHP Terry Chouinard
Pitching: RHP Terry Chouinard
Batting: LHB Dave Watkins 0-0: Ball
1-0: Ball
2-0: Ball
3-0: Called Strike
3-1: Called Strike
3-2: Strikes out swinging
Batting: RHB Joe Roberts 0-0: Called Strike
0-1: Foul Ball, location: 2F
0-2: Foul Ball, location: 2F
0-2: Ball
1-2: Ball
2-2: Foul Ball, location: 2F
2-2: Ball
3-2: Strikes out swinging
Batting: SHB Woody Stanley 0-0: Called Strike
0-1: Ball
1-1: Swinging Strike
1-2: Foul Ball, location: 2F
1-2: SINGLE (Groundball, 6M) (infield hit)
Batting: LHB Carlos Hernández 0-0: Ball
1-0: Called Strike
1-1: Ball
2-1: Fielders Choice at 2nd, 5-4 (Groundball, 5)
Bottom of the 1st over - 0 run(s), 1 hit(s), 0 error(s), 0 left on base; Iowa State 0 - Rutgers 0
TOP OF THE 2ND
Iowa State Cyclones batting - Pitching for Rutgers Scarlet Knights : LHP Gary Fox
Batting: LHB Ángel Pérez 0-0: Called Strike
0-1: Foul Ball, location: 2F
0-2: Ball
1-2: Foul Ball, location: 2F
1-2: Strikes out swinging
Batting: RHB Paco Camacho 0-0: Swinging Strike
0-1: Ball
1-1: Ball
2-1: Ball
3-1: Swinging Strike
3-2: Strikes out swinging
Batting: RHB Paul Teague 0-0: Ball
1-0: Called Strike
1-1: Ball
2-1: Fly out, F7 (Flyball, 7)
Top of the 2nd over - 0 run(s), 0 hit(s), 0 error(s), 0 left on base; Iowa State 0 - Rutgers 0
BOTTOM OF THE 2ND
Rutgers Scarlet Knights batting - Pitching for Iowa State Cyclones : RHP Terry Chouinard
Batting: RHB Chris Barker 0-0: Fly out, F8 (Flyball, 78XD)
Batting: LHB Ryan Washington 0-0: Ball
1-0: Called Strike
1-1: Called Strike
1-2: Ground out 4-3 (Groundball, 4MD)
Batting: RHB Eric Green 0-0: Called Strike
0-1: Swinging Strike
0-2: Ball
1-2: Fly out, F7 (Line Drive, 7)
Bottom of the 2nd over - 0 run(s), 0 hit(s), 0 error(s), 0 left on base; Iowa State 0 - Rutgers 0
TOP OF THE 3RD
Iowa State Cyclones batting - Pitching for Rutgers Scarlet Knights : LHP Gary Fox
Batting: RHB Russell Cook 0-0: Swinging Strike
0-1: Called Strike
0-2: Ground out 6-3 (Groundball, 6)
Batting: SHB Dan Stone 0-0: Ball
1-0: Ground out 6-3 (Groundball, 6S)
Batting: RHB Shane Marshall 0-0: Ball
1-0: Ball
2-0: SINGLE (Groundball, 6M) (infield hit)
Batting: RHB Robert Snyder 0-0: Called Strike
0-1: Called Strike
0-2: Foul Ball, location: 2F
0-2: Ball
1-2: Fly out, F9 (Flyball, 89S)
Top of the 3rd over - 0 run(s), 1 hit(s), 0 error(s), 1 left on base; Iowa State 0 - Rutgers 0
BOTTOM OF THE 3RD
Rutgers Scarlet Knights batting - Pitching for Iowa State Cyclones : RHP Terry Chouinard
Batting: RHB Norm Gunn 0-0: Ball
1-0: Ball
2-0: Swinging Strike
2-1: SINGLE (Groundball, 6MD)
Batting: RHB Jesús León 0-0: Called Strike
0-1: Grounds into double play, 4-6-3 (Groundball, 4)
Batting: LHB Dave Watkins 0-0: Swinging Strike
0-1: Called Strike
0-2: Ball
1-2: Fly out, F6 (Flyball, 56D)
Bottom of the 3rd over - 0 run(s), 1 hit(s), 0 error(s), 0 left on base; Iowa State 0 - Rutgers 0
TOP OF THE 4TH
Iowa State Cyclones batting - Pitching for Rutgers Scarlet Knights : LHP Gary Fox
Now in RF: Zander Rutherford
Batting: LHB Mike O'Bryan 0-0: Called Strike
0-1: Foul Ball, location: 2F
0-2: Ball
1-2: Foul Ball, location: 2F
1-2: Strikes out swinging
Batting: RHB Pedro Rivera 0-0: SINGLE (Groundball, 56) (infield hit)
Batting: LHB Ángel Pérez 0-0: Ball
1-0: Called Strike
1-1: Called Strike
1-2: Strikes out swinging
Batting: RHB Paco Camacho 0-0: Ball
1-0: Called Strike
1-1: Ball
2-1: Foul Ball, location: 2F
2-2: Strikes out looking
Top of the 4th over - 0 run(s), 1 hit(s), 0 error(s), 1 left on base; Iowa State 0 - Rutgers 0
BOTTOM OF THE 4TH
Rutgers Scarlet Knights batting - Pitching for Iowa State Cyclones : RHP Terry Chouinard
Batting: RHB Joe Roberts 0-0: Called Strike
0-1: SINGLE (Line Drive, 56D)
Batting: SHB Woody Stanley 0-0: Swinging Strike
0-1: Ball
1-1: Ball
2-1: Foul Ball, location: 2F
2-2: Foul Ball, location: 2F
2-2: Ball
3-2: Ground out 4-3 (Groundball, 34S)
Joe Roberts to second
Batting: LHB Carlos Hernández 0-0: Called Strike
0-1: Foul Ball, location: 2F
0-2: Ball
1-2: Foul Ball, location: 2F
1-2: Foul Ball, location: 2F
1-2: Foul Ball, location: 2F
1-2: Ball
2-2: Fly out, F6 (Line Drive, 6D)
Batting: RHB Chris Barker 0-0: Ball
1-0: Ground out 6-3 (Groundball, 6)
Bottom of the 4th over - 0 run(s), 1 hit(s), 0 error(s), 1 left on base; Iowa State 0 - Rutgers 0
TOP OF THE 5TH
Iowa State Cyclones batting - Pitching for Rutgers Scarlet Knights : LHP Gary Fox
Batting: RHB Paul Teague 0-0: Called Strike
0-1: Foul Ball, location: 2F
0-2: Ball
1-2: Foul Ball, location: 2F
1-2: Ground out 6-3 (Groundball, 6D)
Batting: RHB Russell Cook 0-0: Ball
1-0: Foul Ball, location: 2F
1-1: Ball
2-1: SINGLE (Line Drive, 8LS)
Batting: SHB Dan Stone 0-0: Ball
1-0: Foul Ball, location: 2F
1-1: Foul Ball, location: 2F
1-2: Ball
2-2: Strikes out looking
Batting: RHB Shane Marshall 0-0: Foul Ball, location: 2F
0-1: Swinging Strike
0-2: Ground out U3 (Groundball, 3S)
Top of the 5th over - 0 run(s), 1 hit(s), 0 error(s), 1 left on base; Iowa State 0 - Rutgers 0
BOTTOM OF THE 5TH
Rutgers Scarlet Knights batting - Pitching for Iowa State Cyclones : RHP Terry Chouinard
Batting: LHB Zander Rutherford 0-0: Called Strike
0-1: Ball
1-1: Ball
2-1: Ball
3-1: Base on Balls
Batting: RHB Eric Green 0-0: Ball
1-0: Ground out 5-3 (Groundball, 56)
Zander Rutherford to second
Batting: RHB Norm Gunn 0-0: Foul Ball, location: 2F
0-1: Ball
1-1: Ball
2-1: Foul Ball, location: 2F
2-2: DOUBLE (Line Drive, 7LM)
Zander Rutherford scores
Batting: RHB Jesús León 0-0: Called Strike
0-1: Foul Ball, location: 2F
0-2: Ball
1-2: Strikes out swinging
Batting: LHB Dave Watkins 0-0: Swinging Strike
0-1: Ball
1-1: Called Strike
1-2: Foul Ball, location: 2F
1-2: Strikes out swinging
Bottom of the 5th over - 1 run(s), 1 hit(s), 0 error(s), 1 left on base; Iowa State 0 - Rutgers 1
TOP OF THE 6TH
Iowa State Cyclones batting - Pitching for Rutgers Scarlet Knights : LHP Gary Fox
Batting: RHB Robert Snyder 0-0: Called Strike
0-1: Called Strike
0-2: Ball
1-2: Foul Ball, location: 2F
1-2: SINGLE (Groundball, 6MD)
Batting: LHB Mike O'Bryan 0-0: Ball
1-0: Foul Ball, location: 2F
1-1: Ball
2-1: Ball
3-1: Ground out 4-3 (Groundball, 34)
Robert Snyder to second
Pitching: RHP Mark Bullard
Batting: RHB Pedro Rivera 0-0: Foul Ball, location: 2F
0-1: Ball
1-1: Foul Ball, location: 2F
1-2: Foul Ball, location: 2F
1-2: Ball
2-2: Ball
3-2: Strikes out swinging
Batting: LHB Ángel Pérez 0-0: Called Strike
0-1: SINGLE (Groundball, 6D)
Robert Snyder to third
Runner from 3rd tries for Home, SAFE, throw made home
Batting: RHB Paco Camacho 0-0: Ball
1-0: Ball
2-0: Ball
3-0: Called Strike
3-1: Base on Balls
Ángel Pérez to second
Batting: RHB Paul Teague 0-0: Ball
Wild Pitch!
Ángel Pérez to third
Paco Camacho to second
1-0: Called Strike
1-1: Called Strike
1-2: Strikes out swinging
Top of the 6th over - 1 run(s), 2 hit(s), 0 error(s), 2 left on base; Iowa State 1 - Rutgers 1
BOTTOM OF THE 6TH
Rutgers Scarlet Knights batting - Pitching for Iowa State Cyclones : RHP Terry Chouinard
Pitching: RHP Glen Davis
Batting: RHB Joe Roberts 0-0: Called Strike
0-1: SINGLE (Line Drive, 78S)
Batting: SHB Woody Stanley 0-0: Ball
1-0: Foul Ball, location: 2F
1-1: Ball
2-1: Ball
3-1: Foul Ball, location: 2F
3-2: Foul Ball, location: 2F
3-2: Foul Ball, location: 2F
3-2: DOUBLE (Groundball, 5L)
Joe Roberts to third
Batting: LHB Carlos Hernández 0-0: Intentional Walk
Batting: RHB Chris Barker 0-0: Grounds into double play, 4-6-3 (Groundball, 4)
Joe Roberts scores
Woody Stanley to third
Batting: LHB Zander Rutherford 0-0: Ball
1-0: Ball
2-0: Ball
3-0: Called Strike
3-1: Base on Balls
Batting: RHB Eric Green 0-0: Ball
1-0: Ball
2-0: Fielders Choice at 2nd, 6-4 (Groundball, 6)
Bottom of the 6th over - 1 run(s), 2 hit(s), 0 error(s), 1 left on base; Iowa State 1 - Rutgers 2
TOP OF THE 7TH
Iowa State Cyclones batting - Pitching for Rutgers Scarlet Knights : RHP Mark Bullard
Batting: RHB Russell Cook 0-0: Foul Ball, location: 2F
0-1: Ball
1-1: Ball
2-1: Called Strike
2-2: Fly out, F8 (Flyball, 8LM)
Batting: SHB Dan Stone 0-0: Called Strike
0-1: Ball
1-1: Ball
2-1: SOLO HOME RUN (Flyball, 9LD), Distance : 340 ft
Batting: RHB Shane Marshall 0-0: Called Strike
0-1: Ball
1-1: Swinging Strike
1-2: Ball
2-2: Ground out 6-3 (Groundball, 6)
Batting: RHB Robert Snyder 0-0: Ball
1-0: Fly out, F7 (Line Drive, 78M)
Top of the 7th over - 1 run(s), 1 hit(s), 0 error(s), 0 left on base; Iowa State 2 - Rutgers 2
BOTTOM OF THE 7TH
Rutgers Scarlet Knights batting - Pitching for Iowa State Cyclones : RHP Glen Davis
Pinch Hitting: RHB Bill Shaffer 0-0: Called Strike
0-1: Foul Ball, location: 2F
0-2: Ball
1-2: Strikes out swinging
Batting: RHB Jesús León 0-0: Ball
1-0: Ball
2-0: Foul Ball, location: 2F
2-1: Ground out 6-3 (Groundball, 6)
Batting: LHB Dave Watkins 0-0: Fly out, F7 (Flyball, 78M)
Bottom of the 7th over - 0 run(s), 0 hit(s), 0 error(s), 0 left on base; Iowa State 2 - Rutgers 2
TOP OF THE 8TH
Iowa State Cyclones batting - Pitching for Rutgers Scarlet Knights : RHP Mark Bullard
Now at 1B: Bill Shaffer
Batting: LHB Mike O'Bryan 0-0: Ball
1-0: Called Strike
1-1: Swinging Strike
1-2: Ground out 3-1 (Groundball, 34)
Batting: RHB Pedro Rivera 0-0: Swinging Strike
0-1: Called Strike
0-2: Ball
1-2: Ground out 5-3 (Groundball, 56)
Pitching: RHP Jim Harden
Batting: LHB Ángel Pérez 0-0: Called Strike
0-1: Called Strike
0-2: Ball
1-2: Ball
2-2: Strikes out swinging
Top of the 8th over - 0 run(s), 0 hit(s), 0 error(s), 0 left on base; Iowa State 2 - Rutgers 2
BOTTOM OF THE 8TH
Rutgers Scarlet Knights batting - Pitching for Iowa State Cyclones : RHP Glen Davis
Batting: RHB Joe Roberts 0-0: Ball
1-0: Foul Ball, location: 2F
1-1: Called Strike
1-2: Fly out, F7 (Flyball, 7LS)
Batting: SHB Woody Stanley 0-0: Ball
1-0: Ball
2-0: Swinging Strike
2-1: Foul Ball, location: 2F
2-2: Ground out 1-3 (Groundball, 13S)
Batting: LHB Carlos Hernández 0-0: Ground out 3-1 (Groundball, 34S)
Bottom of the 8th over - 0 run(s), 0 hit(s), 0 error(s), 0 left on base; Iowa State 2 - Rutgers 2
TOP OF THE 9TH
Iowa State Cyclones batting - Pitching for Rutgers Scarlet Knights : RHP Jim Harden
Pitching: LHP Eric Cutino
Pinch Hitting: RHB Mark Blanton 0-0: Called Strike
0-1: Foul Ball, location: 2F
0-2: Ground out 6-3 (Groundball, 6)
Pinch Hitting: SHB Ralph Marshall 0-0: Ball
1-0: Ball
2-0: Ball
3-0: Base on Balls
Batting: RHB Russell Cook 0-0: SINGLE (Flyball, 89M)
Ralph Marshall to second
Runner from 2nd tries for 3rd, SAFE, throw made to third
Batting: SHB Dan Stone 0-0: Ball
1-0: Foul Ball, location: 2F
1-1: Foul Ball, location: 2F
1-2: Ball
2-2: Ball
3-2: Base on Balls
Russell Cook to second
Batting: RHB Shane Marshall 0-0: Called Strike
0-1: Ball
1-1: Ball
2-1: Ball
3-1: Foul Ball, location: 2F
3-2: SINGLE (Groundball, 34D)
Ralph Marshall scores
Russell Cook to third
Dan Stone to second
Runner from 3rd tries for Home, SAFE, throw made home
Dan Stone to third
Shane Marshall to second
Batting: RHB Robert Snyder 0-0: Intentional Walk
Pitching: RHP Joey Williams
Batting: LHB Mike O'Bryan 0-0: Ball
1-0: Swinging Strike
1-1: Called Strike
1-2: Ball
2-2: Strikes out looking
Batting: RHB Pedro Rivera 0-0: Ball
1-0: Ball
2-0: Ball
3-0: Called Strike
3-1: Fly out, F9 (Flyball, 9LS)
Top of the 9th over - 2 run(s), 2 hit(s), 0 error(s), 3 left on base; Iowa State 4 - Rutgers 2
BOTTOM OF THE 9TH
Rutgers Scarlet Knights batting - Pitching for Iowa State Cyclones : RHP Glen Davis
Pitching: RHP Tom Thomas
Now at 2B: Mark Blanton
Now in CF: José Acuña
Batting: RHB Chris Barker 0-0: Ball
1-0: Ball
2-0: Ball
3-0: Called Strike
3-1: Base on Balls
Batting: LHB Zander Rutherford 0-0: Called Strike
0-1: Ball
1-1: Called Strike
1-2: Strikes out swinging
Batting: RHB Eric Green 0-0: Ball
1-0: Called Strike
1-1: Called Strike
1-2: Foul Ball, location: 2F
1-2: Ball
2-2: Strikes out looking
Batting: RHB Bill Shaffer 0-0: Ball
1-0: Ball
2-0: Ball
3-0: Base on Balls
Chris Barker to second
Batting: RHB Jesús León 0-0: Swinging Strike
0-1: Called Strike
0-2: Ball
1-2: Strikes out swinging
Bottom of the 9th over - 0 run(s), 0 hit(s), 0 error(s), 2 left on base; Iowa State 4 - Rutgers 2
Thursday, March 30th, 2017 - OOTP Baseball 17.12 Build 75